 Dungeon Sprint DCSS version 0.28-a0-233-gb8ca4b6547 (webtiles) character file.

Game seed: 17362552751973986369

3080 tbh1313 the Bludgeoner (level 9, -10/127 HPs)
             Began as a Minotaur Berserker on Aug 22, 2021.
             Was a High Priest of Trog.
             Mangled by Donald (38 damage)
             ... in the Dungeon (Sprint III: "The Ten Rune Challenge").
             The game lasted 00:03:39 (1217 turns).

tbh1313 the Bludgeoner (Minotaur Berserker)         Turns: 1217, Time: 00:03:40

Health: -10/127    AC:  4    Str: 21    XL:     9   Next: 58%
Magic:  8/8        EV: 15    Int:  7    God:    Trog [*****.]
Gold:   39         SH:  0    Dex: 11    Spells: 8/8 levels left

rFire   . . .      SeeInvis .   m - +5 great mace (vorpal)
rCold   + . .      Faith    .   (shield currently unavailable)
rNeg    . . .      Spirit   .   i - +2 robe {rC+}
rPois   .          Reflect  .   (helmet restricted)
rElec   .          Harm     .   (no cloak)
rCorr   .          Rampage  .   (no gloves)
Will    .....      NoTele   +   (no boots)
Stlth   ..........              (no amulet)
HPRegen 0.31/turn               (no ring)
MPRegen 0.11/turn               (no ring)

@: berserking, lethally poisoned (-10 -> -11), slowed
A: horns 2, retaliatory headbutt
a: Renounce Religion, Berserk, Trog's Hand, Brothers in Arms


You were in the Dungeon.
You worshipped Trog.
Trog was extremely pleased with you.
You visited 1 branch You collected 39 gold pieces.

Inventory:

Hand Weapons
 a - a +0 mace
 m - a +5 vorpal great mace (weapon)
 o - a +0 shortbow
 q - a +0 shortbow
 r - a +0 shortbow
Missiles
 p - 60 arrows
Armour
 i - a +2 robe of cold resistance (worn)
Scrolls
 b - 2 scrolls of holy word {unknown}
 h - a scroll of blinking
 j - 2 scrolls of identify {unknown}
Potions
 c - 3 potions of curing
 d - 2 potions of heal wounds
 e - a potion of haste
 f - 2 potions of magic
 g - a potion of berserk rage
 k - 5 potions of mutation
 l - a potion of flight {unknown}
Miscellaneous
 n - a box of beasts


   Skills:
 - Level 9.7 Fighting
 + Level 19.5 Maces & Flails
 - Level 9.7 Armour
 - Level 9.4 Dodging


You had 8 spell levels left.
You didn't know any spells.
Your spell library was empty.

Dungeon Overview and Level Annotations

Branches:
Dungeon (1/1)

Altars:
Cheibriados
Dithmenos
Elyvilon
Fedhas
Gozag
Hepliaklqana
Kikubaaqudgha
Makhleb
Nemelex Xobeh
Okawaru
Qazlal
Ru
Sif Muna
Trog
Uskayaw
Vehumet
Wu Jian
Xom
Yredelemnul
Zin
The Shining One
Beogh
Jiyva
Lugonu

Annotations:
D Donald, Frances


Innate Abilities, Weirdness & Mutations

You have a pair of horns on your head.
You reflexively headbutt those who attack you in melee.


Message History

You close the door.
You open the door.
Donald and Frances come into view.
Donald is wielding a +3 war axe of holy wrath and wearing a +0 kite shield of reflection.
Frances is wielding a +0 war axe of holy wrath and quivering curare-tipped darts.
Donald shouts!
Frances shouts!
Frances throws a curare-tipped dart.
The curare-tipped dart hits you.
You are poisoned.
You have difficulty breathing.
You feel yourself slow down.
You feel very sick.
Frances mutters in a terrible tongue.
Frances seems to speed up.
Donald casts a spell.
Donald seems to grow stronger.
There is an open door here.
A red film seems to cover your vision as you go berserk!
You feel yourself moving faster!
You feel mighty!
You feel sick.
Donald hits you with a +3 war axe of holy wrath!!!
Frances hits you with a +0 war axe of holy wrath!!
You sock Donald!
Donald is moderately wounded.
You feel sick.
Donald hits you with a +3 war axe of holy wrath!
Frances closely misses you. Donald blocks your attack.
You headbutt Donald.
Donald is moderately wounded.
Frances hits you with a +0 war axe of holy wrath.
Donald gestures wildly while chanting.
Donald seems to speed up.
Donald blocks your attack.
Your headbutt misses Donald.
Donald is moderately wounded.
You feel sick.
Frances hits you with a +0 war axe of holy wrath!
* * * LOW HITPOINT WARNING * * *
Donald completely misses you.
You barely miss Donald.
Donald is moderately wounded.
You feel sick.
Frances screams a word of power!
Donald hits you with a +3 war axe of holy wrath!!!
You die...

#§§§§§§§#.'...'.#.#.#.+
#.#≈≈≈#§#.#.†.##.#.#.##
'.#.§§#§#.#†..#.#.#.#.#
#.#..§#...#...##.#.#.##
▓▓▓▓▓▓▓▓▓▓▓▓▓▓#.#.#.#.#
.f≈≈...##.#.#.##
♣P.+.#.#.#.#
♣PP##.#.#.## ♣♣♣
#@##### #@@4+ #4..#
#...# #####


You could see Frances (fast), Donald (fast, strong), an ice devil (summoned) and
a red devil (summoned).

Levels and vault maps discovered:
D:        dungeon_sprint_mu [sprint_mu_entry_cave, sprint_mu_temple_rooms,
          sprint_mu_d1_horrors, sprint_mu_d2_genie, sprint_mu_d3_branching,
          sprint_mu_orc_legion, sprint_mu_elf_gauntlet, sprint_mu_hive_nellie,
          sprint_mu_lair_fedhas, sprint_mu_vaults_butterflies,
          sprint_mu_slime_circle, sprint_mu_swamp_cave, sprint_mu_shoals_archi,
          sprint_mu_blade_basic, sprint_mu_crypt_chambers,
          sprint_mu_tomb_spiral, sprint_mu_vestibule_basic,
          sprint_mu_gehenna_hellfire, sprint_mu_dis_giant,
          sprint_mu_tartarus_statrot, sprint_mu_cocytus_islands, sprint_mu_zot1]

Notes
Turn   | Place    | Note
-------+----------+-------------------------------------------
     0 | D        | tbh1313 the Minotaur Berserker began the quest for the Orb.
     0 | D        | Reached XP level 1. HP: 19/19 MP: 0/0
     9 | D        | Reached skill level 4 in Maces & Flails
    29 | D        | Noticed Jessica
    32 | D        | Killed Jessica
    32 | D        | Reached ** piety under Trog
    33 | D        | Reached skill level 5 in Fighting
    33 | D        | Reached skill level 6 in Maces & Flails
    33 | D        | Reached XP level 2. HP: 29/29 MP: 1/1
    54 | D        | Reached XP level 3. HP: 36/36 MP: 2/2
    59 | D        | Noticed a scorpion
    63 | D        | Killed a scorpion
    64 | D        | Reached skill level 7 in Maces & Flails
    64 | D        | Reached XP level 4. HP: 44/44 MP: 3/3
    71 | D        | Reached *** piety under Trog
    72 | D        | Reached skill level 8 in Maces & Flails
    72 | D        | Reached skill level 5 in Dodging
   125 | D        | Noticed a water elemental
   131 | D        | Killed a water elemental
   132 | D        | Reached skill level 9 in Maces & Flails
   132 | D        | Reached skill level 5 in Armour
   132 | D        | Reached XP level 5. HP: 49/51 MP: 4/4
   187 | D        | Found a radiant altar of Vehumet.
   187 | D        | Found a shimmering blue altar of Sif Muna.
   187 | D        | Found an ancient bone altar of Kikubaaqudgha.
   194 | D        | Reached **** piety under Trog
   200 | D        | Found a glowing silver altar of Zin.
   200 | D        | Found a glowing golden altar of the Shining One.
   200 | D        | Found a white marble altar of Elyvilon.
   201 | D        | Noticed a deep elf pyromancer
   204 | D        | HP: 3/78 [deep elf pyromancer (7)]
   206 | D        | HP: 1/78 [deep elf pyromancer (4)]
   207 | D        | Killed a deep elf pyromancer
   208 | D        | Reached skill level 14 in Maces & Flails
   208 | D        | Reached XP level 6. HP: 2/60 MP: 5/5
   208 | D        | Reached XP level 7. HP: 2/66 MP: 6/6
   607 | D        | Found a hide-covered altar of Uskayaw.
   607 | D        | Found an iron altar of Okawaru.
   607 | D        | Found a bloodstained altar of Trog.
   607 | D        | Found an ornate altar of the Wu Jian Council.
   607 | D        | Noticed a human
   607 | D        | Noticed a human
   616 | D        | Killed a human
   620 | D        | Killed a human
   674 | D        | Found a basalt altar of Yredelemnul.
   674 | D        | Found a shadowy altar of Dithmenos.
   674 | D        | Found a sacrificial altar of Ru.
   677 | D        | Reached ***** piety under Trog
   683 | D        | Reached XP level 8. HP: 77/77 MP: 7/7
   717 | D        | Found a blossoming altar of Fedhas.
   717 | D        | Found a stormy altar of Qazlal.
   718 | D        | Found a snail-covered altar of Cheibriados.
   718 | D        | Found a burning altar of Makhleb.
   718 | D        | Found a hazy altar of Hepliaklqana.
   718 | D        | Found a shimmering altar of Xom.
   718 | D        | Found an opulent altar of Gozag.
   718 | D        | Found a sparkling altar of Nemelex Xobeh.
   718 | D        | Found a corrupted altar of Lugonu.
   718 | D        | Found a viscous altar of Jiyva.
   724 | D        | Received a gift from Trog
   736 | D        | Noticed Erica
   744 | D        | Killed Erica
   745 | D        | Reached skill level 16 in Maces & Flails
   929 | D        | Reached skill level 17 in Maces & Flails
   929 | D        | Reached XP level 9. HP: 50/85 MP: 8/8
  1079 | D        | Noticed a centaur warrior
  1082 | D        | Killed a centaur warrior
  1083 | D        | Reached skill level 18 in Maces & Flails
  1088 | D        | Reached skill level 19 in Maces & Flails
  1202 | D        | Killed an unseen horror
  1207 | D        | Noticed a wandering mushroom
  1211 | D        | Noticed Donald
  1211 | D        | Noticed Frances
  1217 | D        | Mangled by Donald

Table legend: (Time is in decaauts)
 A = Elapsed time spent in this place.
 B = Non-inter-level travel time spent in this place.
 C = Inter-level travel time spent in this place.
 D = Time resting spent in this place.
 E = Time spent auto-exploring this place.
 F = Levels seen in this place.
 G = Mean time per level.
                   A        B        C        D        E       F      G
               +--------+--------+--------+--------+--------+-----+--------+
         Total |   1257 |   1244 |     13 |    967 |     35 |   1 | 1257.0 |
       Dungeon |   1257 |   1244 |     13 |    967 |     35 |   1 | 1257.0 |
               +--------+--------+--------+--------+--------+-----+--------+

Top non-repeatable levels by time:
       D: 1257 daAuts

Table legend:
 A = Kills in this place as a percentage of kills in entire the game.
 B = Kills by you in this place as a percentage of kills by you in the entire game.
 C = Kills by friends in this place as a percentage of kills by friends in the entire game.
 D = Other kills in this place as a percentage of other kills in the entire game.
 E = Experience gained in this place as a percentage of experience gained in the entire game.
 F = Experience gained in this place divided by the number of levels of this place that you have seen.
                   A       B       C       D       E      F
               +-------+-------+-------+-------+-------+----------------------
         Total | 100.0 | 100.0 |   N/A |   N/A | 100.0 | 4401.0
       Dungeon | 100.0 | 100.0 |   N/A |   N/A | 100.0 | 4401.0
               +-------+-------+-------+-------+-------+----------------------

Action                   |  1- 3 |  4- 6 |  7- 9 || total
-------------------------+-------+-------+-------++-------
Melee: Mace              |    10 |    24 |    36 ||    70
       Headbutt          |     3 |     5 |    11 ||    19
       Great mace        |       |       |    22 ||    22
Invok: Berserk           |     1 |     2 |     3 ||     6
       Trog's Hand       |       |     1 |     2 ||     3
Armor: Robe              |       |     1 |     8 ||     9
Dodge: Dodged            |     5 |     6 |    37 ||    48

Vanquished Creatures
  A centaur warrior (D)
  Erica (D)
  A deep elf pyromancer (D)
  An unseen horror (D)
  A shadow (D)
  A spatial vortex (D)
  A necrophage (D)
  2 centaurs (D)
  An earth elemental (D)
  A water elemental (D)
  A scorpion (D)
  A jelly (D)
  Jessica (D)
  A wizard (D)
  A necromancer (D)
  A kobold demonologist (D)
  3 humans (D)
  An endoplasm (D)
  2 rats (D)
23 creatures vanquished.
